AoeStats
← ✪Coαch_98

MegaRandom

508807516Analyzed
4v4 RM · 6d ago on Sep 24, 2026· 57m 30s· 8 players
Game mode
Random Map
Map size
Large (8 player)
Population
200
Speed
Normal
Resources
Standard
Victory
Conquest
Starting age
Dark Age
Ending age
Imperial Age
RankedLock teamsTeams togetherTeam positionsShared explorationLock speedFull tech treeHidden civsTurbo modeCheats
Victory
Defeat
🇭🇰 Magyars · Hong Kong SAR China
661
+18
🇭🇰 Aztecs · Hong Kong SAR China
652
+18
🇧🇷 Franks · Brazil
632
+19
🇻🇳 Huns · Vietnam
565
+21
🇨🇴 Mongols · Colombia
762
-22
🇺🇸 Spanish · United States
717
-20
🇦🇷 Wu · Argentina
673
-18
🇵🇪 Franks · Peru
618
-16
arbeecheung
12:32 Feudal Age
13:29 Double-Bit Axe
14:43 Man-at-Arms
20:01 Horse Collar
24:40 Castle Age
23:28 Forging
26:17 Gold Mining
26:19 Stone Mining
27:56 Wheelbarrow
27:09 Loom
27:09 Elite Skirmisher
29:41 Heavy Plow
29:54 Bow Saw
35:53 Imperial Age
34:49 Ballistics
35:20 Gold Shaft Mining
35:08 Hand Cart
35:07 Long Swordsman
35:48 Squires
35:34 Gambesons
37:19 Iron Casting
36:44 Scale Mail Armor
40:17 Atlatl
40:52 Caravan
41:32 Fletching
42:43 Blast Furnace
43:21 Garland Wars
42:28 Two-Handed Swordsman
44:18 Stone Shaft Mining
44:13 Padded Archer Armor
44:29 Chain Mail Armor
45:19 Champion
46:54 Crop Rotation
46:55 Redemption
46:50 Elite Jaguar Warrior
50:08 Chemistry
49:30 Atonement
55:11 Leather Archer Armor
54:51 Bodkin Arrow
55:28 Plate Mail Armor
57:51 Bracer
On2toy
12:21 Feudal Age
13:05 Double-Bit Axe
13:04 Horse Collar
13:21 Gold Mining
21:04 Castle Age
19:08 Stone Mining
20:35 Loom
21:53 Heavy Plow
22:30 Gold Shaft Mining
22:17 Bow Saw
24:44 Wheelbarrow
27:48 Hand Cart
34:27 Imperial Age
33:09 Corvinian Army
33:22 Bloodlines
33:13 Husbandry
34:59 Thumb Ring
35:15 Scale Barding Armor
35:12 Padded Archer Armor
35:03 Fletching
35:15 Elite Magyar Huszar
36:19 Conscription
36:05 Light Cavalry
42:39 Heated Shot
43:09 Ballistics
43:53 Chemistry
44:22 Chain Barding Armor
45:01 Crop Rotation
45:37 Two-Man Saw
44:49 Caravan
45:20 Coinage
44:55 Caravan
45:25 Coinage
47:52 Parthian Tactics
47:49 Leather Archer Armor
47:29 Bodkin Arrow
48:41 Heavy Cavalry Archer
53:14 Banking
53:25 Recurve Bow
evairdaniel
12:09 Loom
14:21 Feudal Age
14:49 Double-Bit Axe
14:58 Gold Mining
15:03 Stone Mining
18:18 Wheelbarrow
17:31 Town Watch
23:59 Castle Age
24:55 Bow Saw
25:43 Forging
25:24 Fletching
25:35 Scale Mail Armor
25:41 Scale Barding Armor
25:39 Padded Archer Armor
25:08 Pikeman
25:50 Squires
25:35 Arson
27:20 Town Patrol
28:16 Gold Shaft Mining
29:00 Hand Cart
32:48 Iron Casting
32:29 Chain Mail Armor
32:34 Chain Barding Armor
35:35 Leather Archer Armor
35:16 Bodkin Arrow
35:19 Murder Holes
35:35 Fortified Wall
35:06 Treadmill Crane
35:37 Masonry
35:49 Ballistics
38:19 Ordonnance Companies
45:02 Imperial Age
45:05 Halberdier
45:12 Elite Throwing Axeman
46:15 Conscription
45:56 Chivalry
46:32 Hoardings
47:04 Blast Furnace
46:34 Plate Mail Armor
46:41 Plate Barding Armor
phucvaki
0:45 Loom
13:44 Feudal Age
14:52 Horse Collar
17:32 Castle Age
15:49 Double-Bit Axe
17:00 Gold Mining
18:46 Wheelbarrow
21:23 Scale Barding Armor
24:06 Husbandry
24:21 Stone Mining
26:24 Bow Saw
28:27 Forging
29:48 Marauders
35:06 Imperial Age
33:55 Chain Barding Armor
33:45 Heavy Plow
35:33 Hand Cart
36:19 Iron Casting
36:35 Conscription
39:59 Bloodlines
42:03 Gold Shaft Mining
42:07 Plate Barding Armor
42:34 Blast Furnace
43:00 Elite Tarkan
43:58 Caravan
44:12 Guilds
53:27 Two-Man Saw
isthisthingon
10:56 Feudal Age
11:34 Horse Collar
11:48 Double-Bit Axe
14:06 Man-at-Arms
14:38 Arson
24:06 Castle Age
22:49 Gold Mining
22:55 Stone Mining
26:10 Bow Saw
26:46 Heavy Plow
28:25 Pikeman
29:59 Bloodlines
31:02 Husbandry
32:17 Squires
34:12 Wheelbarrow
34:15 Forging
36:18 Ballistics
36:10 Fortified Wall
39:16 Masonry
39:33 Fletching
43:06 Imperial Age
43:08 Halberdier
43:11 Capped Ram
46:30 Chemistry
44:52 Cavalier
45:23 Elite Skirmisher
48:10 Architecture
48:18 Iron Casting
47:49 Scale Barding Armor
49:31 Paladin
52:06 Conscription
55:31 Murder Holes
Lucasavend
1:22 Loom
18:24 Feudal Age
24:08 Castle Age
22:34 Stone Mining
25:09 Wheelbarrow
24:22 Town Watch
26:10 Stone Shaft Mining
25:26 Gold Mining
30:04 Double-Bit Axe
31:02 Bow Saw
35:46 Imperial Age
33:45 Fervor
35:19 Pikeman
39:03 Two-Man Saw
38:54 Conscription
38:45 Fletching
38:57 Scale Mail Armor
39:08 Forging
40:28 Bodkin Arrow
40:49 Chain Mail Armor
40:40 Squires
40:26 Arson
41:17 Ballistics
41:15 Horse Collar
43:08 Iron Casting
42:33 Bracer
43:05 Plate Mail Armor
42:54 Heavy Plow
46:26 Blast Furnace
44:51 Halberdier
49:18 Red Cliffs Tactics
49:22 Sitting Tiger
52:38 Padded Archer Armor
56:45 Chemistry
55:42 Murder Holes
✪Coαch_98
9:37 Loom
11:47 Feudal Age
13:15 Horse Collar
14:11 Double-Bit Axe
19:16 Castle Age
19:26 Gold Mining
21:12 Wheelbarrow
20:23 Town Watch
21:38 Bow Saw
23:33 Heavy Plow
24:18 Gold Shaft Mining
23:37 Stone Mining
23:57 Town Patrol
26:53 Imperial Age
24:44 Town Patrol
25:42 Hand Cart
26:42 Fletching
26:52 Padded Archer Armor
27:04 Forging
27:00 Scale Barding Armor
28:59 Stone Shaft Mining
28:54 Bodkin Arrow
29:14 Leather Archer Armor
29:19 Husbandry
31:08 Bloodlines
30:18 Light Cavalry
30:22 Heavy Camel Rider
MHR.MK
11:18 Feudal Age
14:27 Double-Bit Axe
15:39 Wheelbarrow
19:19 Wheelbarrow
20:06 Scale Barding Armor
20:02 Scale Mail Armor
20:12 Forging
22:12 Castle Age
28:58 Husbandry
30:00 Scale Barding Armor
37:17 Squires
36:38 Pikeman
37:03 Arson
38:19 Chain Barding Armor
39:02 Wheelbarrow
38:49 Scale Mail Armor
40:02 Stone Mining
40:02 Gold Mining
47:14 Imperial Age
45:36 Bow Saw
47:54 Cavalier
49:59 Plate Barding Armor
49:40 Chain Mail Armor
49:36 Forging
52:02 Hand Cart
55:46 Plate Mail Armor
55:52 Iron Casting
Connection lost

Rejoining the realm…

Still unreachable

The connection could not be restored.

Session expired

The server has moved on; the page needs a fresh start.